ITL
TRENTON STARS @ DETROIT X-WINGS
04/27/2025
 
TOP OF THE 1ST
Trenton Stars batting - Pitching for Detroit X-Wings : LHP José Ramírez
Pitching: LHP José Ramírez
Batting: RHB Clancy Booker 0-0: Ball
1-0: Called Strike
1-1: Ball
2-1: Called Strike
2-2: Ball
3-2: Base on Balls
Batting: RHB José Balina 0-0: Called Strike
Clancy Booker steals 2nd base
0-1: Ball
1-1: SINGLE (Groundball, 34D)
Clancy Booker to third
Runner from 3rd tries for Home, SAFE, throw made home
Batting: LHB Jeff Gordon 0-0: Ball
1-0: Foul Ball, location: 2F
1-1: Ball
2-1: Swinging Strike
2-2: Strikes out looking
Batting: RHB Salvador Gonzáles 0-0: 2-RUN HOME RUN (Flyball, 7D), Distance : 377 ft
Batting: LHB Robinson Fernández 0-0: Called Strike
0-1: Ball
1-1: Ground out 6-3 (Groundball, 56)
Batting: RHB Jesús Dávila 0-0: Called Strike
0-1: Ball
1-1: SINGLE (Groundball, 56D)
Batting: LHB Felipe Guerrero 0-0: Ground out 5-3 (Groundball, 15S)
Top of the 1st over - 3 run(s), 3 hit(s), 0 error(s), 1 left on base; Trenton 3 - Detroit 0
BOTTOM OF THE 1ST
Detroit X-Wings batting - Pitching for Trenton Stars : RHP Chad Field
Pitching: RHP Chad Field
Batting: SHB Felipe Detorres 0-0: Called Strike
0-1: Ball
1-1: SINGLE (Groundball, 3D)
Batting: RHB Gary Witt 0-0: Ball
1-0: Ball
2-0: Called Strike
2-1: Swinging Strike
2-2: Hit by Pitch
Felipe Detorres to second
Batting: LHB Juan Jose Pineda 0-0: Ball
1-0: Ball
2-0: Foul Ball, location: 2F
2-1: Foul Ball, location: 2F
2-2: Foul Ball, location: 2F
2-2: Foul Ball, location: 2F
2-2: Ball
3-2: Strikes out swinging
Batting: RHB Albert Chávez 0-0: Ball
1-0: Foul Ball, location: 2F
1-1: Ball
2-1: Fielders Choice at 2nd, 5-4 (Groundball, 56)
Felipe Detorres to third
Batting: RHB Juan Martínez 0-0: Ball
1-0: Ball
2-0: Called Strike
2-1: Ball
3-1: Base on Balls
Albert Chávez to second
Batting: RHB Enrique Ramírez 0-0: Called Strike
0-1: Fly out, F6 (Popup, 56D)
Bottom of the 1st over - 0 run(s), 1 hit(s), 0 error(s), 3 left on base; Trenton 3 - Detroit 0
TOP OF THE 2ND
Trenton Stars batting - Pitching for Detroit X-Wings : LHP José Ramírez
Batting: RHB Felipe Olivas 0-0: Fly out, F9 (Flyball, 9M)
Batting: SHB Rafael Villa 0-0: Called Strike
0-1: Ball
1-1: SINGLE (Flyball, 78S)
Batting: RHB Clancy Booker 0-0: Ball
1-0: SINGLE (Line Drive, 9LM)
Rafael Villa to second
Batting: RHB José Balina 0-0: Ball
1-0: SINGLE (Groundball, 56D)
Rafael Villa to third
Clancy Booker to second
Runner from 3rd tries for Home, SAFE, no throw or cutoff
Batting: LHB Jeff Gordon 0-0: Called Strike
0-1: Ball
1-1: Called Strike
1-2: Strikes out looking
Batting: RHB Salvador Gonzáles 0-0: Ball
1-0: Swinging Strike
1-1: Ball
2-1: Ball
3-1: Base on Balls
Clancy Booker to third
José Balina to second
Batting: LHB Robinson Fernández 0-0: Called Strike
0-1: Called Strike
0-2: Ball
Wild Pitch!
Clancy Booker scores
José Balina to third
Salvador Gonzáles to second
1-2: Ball
2-2: Strikes out looking
Top of the 2nd over - 2 run(s), 3 hit(s), 0 error(s), 2 left on base; Trenton 5 - Detroit 0
BOTTOM OF THE 2ND
Detroit X-Wings batting - Pitching for Trenton Stars : RHP Chad Field
Batting: RHB Marcos Valdés 0-0: Ball
1-0: Foul Ball, location: 2F
1-1: DOUBLE (Groundball, 5L)
Batting: SHB Jaime Montés 0-0: Ball
1-0: Ground out 6-3 (Groundball, 6M)
Marcos Valdés to third
Batting: LHB Gonzalo Trujillo 0-0: Called Strike
0-1: Swinging Strike
0-2: Strikes out looking
Batting: SHB Felipe Detorres 0-0: Called Strike
0-1: Called Strike
0-2: Strikes out swinging
Bottom of the 2nd over - 0 run(s), 1 hit(s), 0 error(s), 1 left on base; Trenton 5 - Detroit 0
TOP OF THE 3RD
Trenton Stars batting - Pitching for Detroit X-Wings : LHP José Ramírez
Batting: RHB Jesús Dávila 0-0: Fly out, F1 (Popup, 2R)
Batting: LHB Felipe Guerrero 0-0: Called Strike
0-1: Foul Ball, location: 2F
0-2: Foul Ball, location: 2F
0-2: Reached on error, E6 (Groundball, 6)
Batting: RHB Felipe Olivas 0-0: Fly out, F5 (Popup, 25F)
Batting: SHB Rafael Villa 0-0: Swinging Strike
0-1: Called Strike
0-2: Ball
1-2: Foul Ball, location: 2F
1-2: Foul Ball, location: 2F
1-2: Ball
2-2: Ball
3-2: Foul Ball, location: 2F
3-2: SINGLE (Line Drive, 6MD)
Felipe Guerrero to second
Felipe Guerrero to third
Batting: RHB Clancy Booker 0-0: Fly out, F9 (Popup, 9S)
Top of the 3rd over - 0 run(s), 1 hit(s), 1 error(s), 2 left on base; Trenton 5 - Detroit 0
BOTTOM OF THE 3RD
Detroit X-Wings batting - Pitching for Trenton Stars : RHP Chad Field
Batting: RHB Gary Witt 0-0: Foul Ball, location: 2F
0-1: Swinging Strike
0-2: Strikes out swinging
Batting: LHB Juan Jose Pineda 0-0: Ball
1-0: Ball
2-0: Ball
3-0: Base on Balls
Batting: RHB Albert Chávez 0-0: Called Strike
0-1: Fly out, F9 (Flyball, 9M)
Batting: RHB Juan Martínez 0-0: SINGLE (Groundball, 56D)
Juan Jose Pineda to second
Batting: RHB Enrique Ramírez 0-0: Fly out, F8 (Flyball, 8RXD)
Bottom of the 3rd over - 0 run(s), 1 hit(s), 0 error(s), 2 left on base; Trenton 5 - Detroit 0
TOP OF THE 4TH
Trenton Stars batting - Pitching for Detroit X-Wings : LHP José Ramírez
Batting: RHB José Balina 0-0: Ball
1-0: Ball
2-0: Ball
3-0: Base on Balls
Batting: LHB Jeff Gordon 0-0: Ball
1-0: Called Strike
1-1: Foul Ball, location: 2F
1-2: Ball
2-2: Foul Ball, location: 2F
2-2: Foul Ball, location: 2F
2-2: Ball
3-2: Fly out, F8 (Flyball, 8LXD)
Batting: RHB Salvador Gonzáles 0-0: Ball
1-0: Called Strike
1-1: Foul Ball, location: 2F
1-2: 2-RUN HOME RUN (Line Drive, 7D), Distance : 369 ft
Batting: LHB Robinson Fernández 0-0: Ball
1-0: Foul Ball, location: 2F
1-1: Ball
2-1: Called Strike
2-2: Foul Ball, location: 2F
2-2: Ground out 6-3 (Groundball, 6)
Batting: RHB Jesús Dávila 0-0: Fly out, F6 (Popup, 78S)
Top of the 4th over - 2 run(s), 1 hit(s), 0 error(s), 0 left on base; Trenton 7 - Detroit 0
BOTTOM OF THE 4TH
Detroit X-Wings batting - Pitching for Trenton Stars : RHP Chad Field
Batting: RHB Marcos Valdés 0-0: Ball
1-0: Ball
2-0: Ball
3-0: Called Strike
3-1: SINGLE (Groundball, 6D)
Batting: SHB Jaime Montés 0-0: Ball
1-0: Ball
2-0: Ball
3-0: Called Strike
3-1: Base on Balls
Marcos Valdés to second
Batting: LHB Gonzalo Trujillo 0-0: Foul Ball, location: 2F
0-1: Swinging Strike
0-2: Foul Ball, location: 2F
0-2: Ball
1-2: Foul Ball, location: 2F
1-2: Ball
2-2: SINGLE (Groundball, 23) (infield hit)
Marcos Valdés to third
Jaime Montés to second
Batting: SHB Felipe Detorres 0-0: Called Strike
0-1: Called Strike
0-2: Ball
1-2: Foul Ball, location: 2F
1-2: Foul Ball, location: 2F
1-2: Ball
2-2: Strikes out swinging
Batting: RHB Gary Witt 0-0: Called Strike
0-1: Called Strike
0-2: Ball
1-2: Ball
2-2: Strikes out swinging
Batting: LHB Juan Jose Pineda 0-0: Ball
1-0: Fly out, F7 (Flyball, 78XD)
Bottom of the 4th over - 0 run(s), 2 hit(s), 0 error(s), 3 left on base; Trenton 7 - Detroit 0
TOP OF THE 5TH
Trenton Stars batting - Pitching for Detroit X-Wings : LHP José Ramírez
Batting: LHB Felipe Guerrero 0-0: Ball
1-0: Called Strike
1-1: Ball
2-1: Called Strike
2-2: Ball
3-2: Ground out 6-3 (Groundball, 6S)
Batting: RHB Felipe Olivas 0-0: Called Strike
0-1: Ball
1-1: Ball
2-1: Foul Ball, location: 2F
2-2: SINGLE (Groundball, 15) (infield hit)
Batting: SHB Rafael Villa 0-0: Called Strike
0-1: Ball
1-1: Foul Ball, location: 2F
1-2: Ground out 5-3 (Groundball, 5S)
Felipe Olivas to second
Batting: RHB Clancy Booker 0-0: Foul Ball, location: 2F
0-1: Ball
1-1: Swinging Strike
1-2: Ball
2-2: Strikes out swinging
Top of the 5th over - 0 run(s), 1 hit(s), 0 error(s), 1 left on base; Trenton 7 - Detroit 0
BOTTOM OF THE 5TH
Detroit X-Wings batting - Pitching for Trenton Stars : RHP Chad Field
Batting: RHB Albert Chávez 0-0: Foul Ball, location: 2F
0-1: Ball
1-1: Foul Ball, location: 2F
1-2: Fly out, F8 (Flyball, 8RM)
Batting: RHB Juan Martínez 0-0: Called Strike
0-1: Ball
1-1: Called Strike
1-2: Ball
2-2: Ball
3-2: Foul Ball, location: 2F
3-2: Base on Balls
Batting: RHB Enrique Ramírez 0-0: Called Strike
0-1: Called Strike
0-2: Strikes out looking
Batting: RHB Marcos Valdés 0-0: Fly out, F8 (Flyball, 8RXD)
Bottom of the 5th over - 0 run(s), 0 hit(s), 0 error(s), 1 left on base; Trenton 7 - Detroit 0
TOP OF THE 6TH
Trenton Stars batting - Pitching for Detroit X-Wings : LHP José Ramírez
Pitching: RHP Felipe Téllez
Batting: RHB José Balina 0-0: Called Strike
0-1: Ground out 6-3 (Groundball, 6)
Batting: LHB Jeff Gordon 0-0: Called Strike
0-1: Ball
1-1: Called Strike
1-2: Foul Ball, location: 2F
1-2: SINGLE (Groundball, 34D)
Batting: RHB Salvador Gonzáles 0-0: Ball
1-0: Ball
2-0: Ball
3-0: Base on Balls
Jeff Gordon to second
Batting: LHB Robinson Fernández 0-0: Called Strike
0-1: Ball
1-1: Fly out, F8 (Flyball, 8RD)
Runner from 2nd tags up, SAFE at 3rd, no throw
Batting: RHB Jesús Dávila 0-0: Ball
1-0: Foul Ball, location: 2F
1-1: Swinging Strike
1-2: Ball
2-2: Strikes out looking
Top of the 6th over - 0 run(s), 1 hit(s), 0 error(s), 2 left on base; Trenton 7 - Detroit 0
BOTTOM OF THE 6TH
Detroit X-Wings batting - Pitching for Trenton Stars : RHP Chad Field
Batting: SHB Jaime Montés 0-0: Swinging Strike
0-1: SINGLE (Groundball, 2L) (infield hit)
Pitching: LHP Michael Puckett
Batting: LHB Gonzalo Trujillo 0-0: Ball
1-0: Ball
2-0: Called Strike
2-1: Ball
3-1: Foul Ball, location: 2F
3-2: Base on Balls
Jaime Montés to second
Batting: SHB Felipe Detorres 0-0: Called Strike
0-1: Fly out, F3 (Popup, 13)
Batting: RHB Gary Witt 0-0: Called Strike
0-1: Ball
1-1: Swinging Strike
1-2: Ball
2-2: Ball
3-2: Base on Balls
Jaime Montés to third
Gonzalo Trujillo to second
Batting: LHB Juan Jose Pineda 0-0: Ball
1-0: Ball
2-0: Called Strike
2-1: Foul Ball, location: 2F
2-2: DOUBLE (Groundball, 5L)
Jaime Montés scores
Gonzalo Trujillo scores
Gary Witt to third
Batting: RHB Albert Chávez 0-0: Foul Ball, location: 2F
0-1: Ball
1-1: Called Strike
1-2: Hit by Pitch
Batting: RHB Juan Martínez 0-0: Ball
1-0: Ball
2-0: Ball
3-0: Called Strike
3-1: Called Strike
3-2: Foul Ball, location: 2F
3-2: Base on Balls
Gary Witt scores
Juan Jose Pineda to third
Albert Chávez to second
Batting: RHB Enrique Ramírez 0-0: Foul Ball, location: 2F
0-1: Swinging Strike
0-2: Grounds into double play, 6-4-3 (Groundball, 6M)
Bottom of the 6th over - 3 run(s), 2 hit(s), 0 error(s), 2 left on base; Trenton 7 - Detroit 3
TOP OF THE 7TH
Trenton Stars batting - Pitching for Detroit X-Wings : RHP Felipe Téllez
Batting: LHB Felipe Guerrero 0-0: Called Strike
0-1: Swinging Strike
0-2: Strikes out looking
Batting: RHB Felipe Olivas 0-0: Ball
1-0: DOUBLE (Groundball, 5L)
Batting: SHB Rafael Villa 0-0: Ground out 6-3 (Groundball, 6)
Batting: RHB Clancy Booker 0-0: Ball
1-0: Swinging Strike
1-1: Ball
2-1: Ball
3-1: Called Strike
3-2: Strikes out looking
Top of the 7th over - 0 run(s), 1 hit(s), 0 error(s), 1 left on base; Trenton 7 - Detroit 3
BOTTOM OF THE 7TH
Detroit X-Wings batting - Pitching for Trenton Stars : LHP Michael Puckett
Batting: RHB Marcos Valdés 0-0: Ball
1-0: Called Strike
1-1: Called Strike
1-2: SINGLE (Groundball, 4MD)
Batting: SHB Jaime Montés 0-0: Called Strike
0-1: Ball
1-1: Foul Ball, location: 2F
1-2: Ball
2-2: Foul Ball, location: 2F
2-2: Ball
3-2: Grounds into double play, 5-4-3 (Groundball, 5)
Batting: LHB Gonzalo Trujillo 0-0: Ball
1-0: Ground out 1-3 (Groundball, 13)
Bottom of the 7th over - 0 run(s), 1 hit(s), 0 error(s), 0 left on base; Trenton 7 - Detroit 3
TOP OF THE 8TH
Trenton Stars batting - Pitching for Detroit X-Wings : RHP Felipe Téllez
Pitching: RHP Domingo Rodríguez
Batting: RHB José Balina 0-0: Called Strike
0-1: Ball
1-1: DOUBLE (Line Drive, 8RXD)
Batting: LHB Jeff Gordon 0-0: Ball
1-0: Foul Ball, location: 2F
1-1: Ball
2-1: Swinging Strike
2-2: Foul Ball, location: 2F
2-2: 2-RUN HOME RUN (Line Drive, 9D), Distance : 380 ft
Batting: RHB Salvador Gonzáles 0-0: Ball
1-0: Ball
2-0: Called Strike
2-1: Foul Ball, location: 2F
2-2: Ball
3-2: Base on Balls
Batting: LHB Robinson Fernández 0-0: Ball
1-0: Ball
2-0: Foul Ball, location: 2F
2-1: Ball
3-1: Foul Ball, location: 2F
3-2: Foul Ball, location: 2F
3-2: Strikes out looking
Batting: RHB Jesús Dávila 0-0: Ball
1-0: Foul Ball, location: 2F
1-1: Ball
2-1: Foul Ball, location: 2F
2-2: Ball
3-2: Base on Balls
Salvador Gonzáles to second
Batting: LHB Felipe Guerrero 0-0: Foul Ball, location: 2F
0-1: Ball
1-1: Swinging Strike
1-2: Ball
2-2: Strikes out looking
Batting: RHB Felipe Olivas 0-0: Called Strike
0-1: Fly out, F4 (Line Drive, 4M)
Top of the 8th over - 2 run(s), 2 hit(s), 0 error(s), 2 left on base; Trenton 9 - Detroit 3
BOTTOM OF THE 8TH
Detroit X-Wings batting - Pitching for Trenton Stars : LHP Michael Puckett
Pitching: RHP Ki-tong Shiu
Now at 1B: Nick Bowman
Batting: SHB Felipe Detorres 0-0: Ball
1-0: Ball
2-0: Ball
3-0: Called Strike
3-1: SINGLE (Groundball, 56)
Batting: RHB Gary Witt 0-0: Ball
1-0: Ball
2-0: Called Strike
2-1: Ball
3-1: Called Strike
3-2: Foul Ball, location: 2F
3-2: Strikes out swinging
Batting: LHB Juan Jose Pineda 0-0: Fly out, F7 (Flyball, 7LD)
Batting: RHB Albert Chávez 0-0: Ball
1-0: Called Strike
1-1: Foul Ball, location: 2F
1-2: Foul Ball, location: 2F
1-2: Foul Ball, location: 2F
1-2: Ball
2-2: Strikes out swinging
Bottom of the 8th over - 0 run(s), 1 hit(s), 0 error(s), 1 left on base; Trenton 9 - Detroit 3
TOP OF THE 9TH
Trenton Stars batting - Pitching for Detroit X-Wings : RHP Domingo Rodríguez
Batting: SHB Rafael Villa 0-0: Swinging Strike
0-1: Swinging Strike
0-2: Ball
1-2: Strikes out swinging
Pitching: RHP Sloan Otto
Batting: RHB Clancy Booker 0-0: Called Strike
0-1: Fly out, F9 (Flyball, 9D)
Batting: RHB José Balina 0-0: Ball
1-0: Ball
2-0: Ball
3-0: Base on Balls
Batting: LHB Jeff Gordon 0-0: Called Strike
0-1: Ball
1-1: Ball
2-1: Called Strike
2-2: Strikes out swinging
Top of the 9th over - 0 run(s), 0 hit(s), 0 error(s), 1 left on base; Trenton 9 - Detroit 3
BOTTOM OF THE 9TH
Detroit X-Wings batting - Pitching for Trenton Stars : RHP Ki-tong Shiu
Batting: RHB Juan Martínez 0-0: Ball
1-0: Ball
2-0: Ball
3-0: Base on Balls
Batting: RHB Enrique Ramírez 0-0: Ball
1-0: Called Strike
1-1: Ball
2-1: Ball
3-1: Foul Ball, location: 2F
3-2: DOUBLE (Line Drive, 78M)
Juan Martínez to third
Batting: RHB Marcos Valdés 0-0: Called Strike
0-1: Fly out, F7 (Flyball, 8LM)
Runner from 3rd tags up, SCORES, no throw
Batting: SHB Jaime Montés 0-0: Called Strike
0-1: Ball
1-1: Called Strike
1-2: Ball
2-2: Ball
3-2: Ground out 4-3 (Groundball, 4)
Enrique Ramírez to third
Batting: LHB Gonzalo Trujillo 0-0: Ball
1-0: Ball
2-0: Foul Ball, location: 2F
2-1: Ball
3-1: Base on Balls
Batting: SHB Felipe Detorres 0-0: Ball
1-0: Called Strike
1-1: Fly out, F7 (Flyball, 78S)
Bottom of the 9th over - 1 run(s), 1 hit(s), 0 error(s), 2 left on base; Trenton 9 - Detroit 4
This league is powered by Out of the Park Baseball, the baseball management simulation game for PC, Mac and Linux
Tuesday, August 2nd, 2016 - OOTP Baseball 16.8 Build 38